 Dungeon Crawl Stone Soup version 0.31-a0-188-g5e087ee2ca (webtiles) character file.

Game seed: 5956429047583429541

265 qw the Skirmisher (level 5, -1/29 HPs)
             Began as a Deep Elf Hunter on June 23, 2023.
             Slain by a sleepcap (3 damage)
             ... on level 3 of the Dungeon.
             The game lasted 00:00:32 (1982 turns).

qw the Skirmisher (Deep Elf Hunter)                 Turns: 1982, Time: 00:00:33

Health: -1/29      AC:  9    Str: 10    XL:     5   Next: 99%
Magic:  7/7        EV:  9    Int: 14    God:
Gold:   207        SH:  0    Dex: 18    Spells: 4/4 levels left

rFire   . . .        g - +0 shortbow (heavy)
rCold   + . .        (shield currently unavailable)
rNeg    . . .        e - +1 scale mail {rC+}
rPois   .            h - +0 helmet
rElec   .            (no cloak)
rCorr   .            a - +0 pair of gloves
SInv    .            (no boots)
Will    .....        (no amulet)
Stlth   +            (no ring)
HPRegen 0.24/turn    (no ring)
MPRegen 0.10/turn

%: no passive effects
@: no status effects
A: no striking features
a: no special abilities


You were on level 3 of the Dungeon.
You visited 1 branch of the dungeon, and saw 4 of its levels.

You collected 207 gold pieces.


   Skills:
 + Level 1.5 Fighting
 - Level 9.0 Ranged Weapons
 - Level 1.4 Armour
 - Level 2.7 Dodging
 - Level 1.2 Stealth


You had 4 spell levels left.
You didn't know any spells.
Your spell library was empty.

Inventory:

Hand Weapons
 g - a +0 heavy shortbow (weapon)
Armour
 a - a +0 pair of gloves (worn)
 e - a +1 scale mail of cold resistance (worn)
 h - a +0 helmet (worn)
Potions
 b - a potion of brilliance {unknown}
 c - a potion of enlightenment {unknown}
 d - a potion of heal wounds {unknown}
 f - a potion of haste {unknown}

Dungeon Overview and Level Annotations

Branches:
Dungeon (4/15)
 Temple: D:4-7

Altars:
The Shining One


Message History

Ouch! That really hurt!
The adder bites you but does no damage.
The ball python bites you but does no damage.
The ball python constricts you.
You shoot an arrow.
The arrow barely misses the ball python.
The adder barely misses you. The endoplasm freezes you.
You are frozen.
You resist.
The sleepcap releases spores at you but does no damage.
The ball python barely misses you. The ball python constricts you.
The adder bites you but does no damage. The endoplasm freezes you.
You are frozen.
You resist.
The sleepcap releases spores at you but does no damage.
The ball python bites you but does no damage.
The ball python constricts you. The adder bites you but does no damage.
You shoot an arrow. The arrow hits the ball python!
You kill the ball python!
The endoplasm hits you but does no damage.
The adder bites you but does no damage. The sleepcap releases spores at you.
You are engulfed in a cloud of soporific spores!
You are unaffected.
The adder bites you but does no damage. The endoplasm barely misses you.
The sleepcap barely misses you.
1980 ||| STAIRDANCE The adder closely misses you.
The endoplasm freezes you.
You are frozen.
You resist. The sleepcap closely misses you.
You climb upwards.
There is a stone staircase leading down here.
You shoot an arrow. The arrow hits the sleepcap!
The sleepcap is heavily damaged.
The adder closely misses you.
The endoplasm hits you but does no damage.
The sleepcap releases spores at you.
You are engulfed in a cloud of soporific spores!
You fall asleep.
The adder bites you.
You wake up.
The endoplasm freezes you.
You are frozen.
You resist. The sleepcap releases spores at you.
You die...

####.#######'## #..##.#
# #.# #.# #..##.# # #.#
#.###### #..##.# # #.#
##......# #.....# # #.#
###.......### ##.#### #
#.####...........# #.#
# #..............#.#
#?# #
######.##...SJf#.####.#
#.###.#.@...>....#
#.###.#.###.######
#...........#
#############


You could see a sleepcap, an adder and an endoplasm.

Vanquished Creatures
  Sigmund (D:2)
  A hound (D:4)
  2 adders
  2 worms (D:2)
  3 dart slugs
  3 ball pythons
  6 bats
  3 endoplasms
  2 giant cockroaches (D:2)
  3 goblins (D:1)
  3 hobgoblins (D:1)
  5 jackals
  3 frilled lizards
  2 kobolds (D:2)
  2 rats
41 creatures vanquished.

Notes
Turn   | Place    | Note
-------+----------+-------------------------------------------
     0 | D:1      | qw the Deep Elf Hunter began the quest for the Orb.
     0 | D:1      | Reached XP level 1. HP: 12/12 MP: 3/3
     0 | D:1      | 0 ||| qw: Version: 0.3-a-9-g12657ce
     0 | D:1      | 0 ||| qw: Game counter: 4310
     0 | D:1      | 0 ||| qw: Always use a shield: true
     0 | D:1      | 0 ||| qw: God list: Okawaru
     0 | D:1      | 0 ||| qw: Allow faded altars: false
     0 | D:1      | 0 ||| qw: Do Orc after D:15 true
     0 | D:1      | 0 ||| qw: Do second Lair branch before Depths: true
     0 | D:1      | 0 ||| qw: Lair rune preference: random
     0 | D:1      | 0 ||| qw: Plans: Normal
     0 | D:1      | 0 ||| PLANNING D:1-11
   128 | D:1      | Reached skill level 6 in Ranged Weapons
   128 | D:1      | Reached XP level 2. HP: 15/16 MP: 4/4
   558 | D:1      | 558 ||| READING scroll labelled XOCOKK IFOPSI.
   562 | D:1      | 562 ||| READING scroll labelled NEOREUT WIMABB.
   563 | D:1      | 563 ||| READING scroll labelled TOAW ZIKERIWN.
   564 | D:1      | 564 ||| READING scroll labelled RUZ BEMAGO.
   565 | D:1      | 565 ||| READING scroll labelled ENAAZE XIGI.
   566 | D:1      | 566 ||| DROPPING scroll of butterflies.
   679 | D:2      | Reached XP level 3. HP: 20/20 MP: 5/5
   772 | D:2      | Noticed Sigmund
   776 | D:2      | Killed Sigmund
   777 | D:2      | Reached skill level 9 in Ranged Weapons
   777 | D:2      | Reached XP level 4. HP: 20/25 MP: 6/6
   777 | D:2      | Reached XP level 5. HP: 24/29 MP: 7/7
  1146 | D:2      | 1146 ||| UPGRADING to +0 pair of gloves.
  1151 | D:2      | 1151 ||| UPGRADING to +1 scale mail of cold resistance.
  1161 | D:2      | 1161 ||| DROPPING +0 leather armour.
  1162 | D:2      | 1162 ||| READING scroll labelled UNKILELYJA.
  1350 | D:3      | Found a glowing golden altar of the Shining One.
  1963 | D:3      | 1963 ||| UPGRADING to +0 helmet.
  1977 | D:4      | Reached skill level 1 in Armour
  1980 | D:4      | 1980 ||| STAIRDANCE
  1982 | D:3      | HP: 7/29 [sleepcap (4)]
  1982 | D:3      | HP: 3/29 [adder (4)]
  1982 | D:3      | Slain by a sleepcap

Levels and vault maps discovered:
D:1:      amcnicky_arrival_double_pillar, layout_basic, hangedman_decor_opposing
D:2:      layout_basic, uniq_sigmund
D:3:      layout_loops_corners, mainiacjoe_overflow_surrounded_room
D:4:      layout_rooms, mainiacjoe_overflow_small_starburst, serial_shops,
          nicolae_square_shop, minmay_circle_x

Skill      XL: |  1  2  3  4  5 |
---------------+----------------+-----
Ranged Weapons | 6 9 |  9.0
Armour         | 1 |  1.4
Fighting       | |  1.5
Dodging        | |  2.7
Stealth        | |  1.2

Action                     |  1- 3 |  4- 6 || total
---------------------------+-------+-------++-------
   Fire: Shortbow          |    57 |    34 ||    91
    Use: Scroll            |     5 |     1 ||     6
 Armour: Leather armour    |     5 |       ||     5
         Scale mail        |       |    21 ||    21
  Dodge: Dodged            |    21 |    17 ||    38

Table legend:
 A = Non-vault XP
 B = Vault XP
 C = Vault XP percentage of total XP
 D = Non-vault monster count
 E = Vault monster count
 F = Vault count percentage of total count
                 A         B        C        D         E       F
            +---------+---------+-------+---------+---------+-------
      Total |     148 |     231 |  60.9 |      40 |       1 |   2.4
            +---------+---------+-------+---------+---------+-------
        D:1 |      29 |       0 |   0.0 |      13 |       0 |   0.0
        D:2 |      45 |     231 |  83.7 |      15 |       1 |   6.2
        D:3 |      27 |       0 |   0.0 |      10 |       0 |   0.0
        D:4 |      47 |       0 |   0.0 |       2 |       0 |   0.0
            +---------+---------+-------+---------+---------+-------
